NCAA
SOUTHERN CALIFORNIA TROJANS @ XAVIER MUSKETEERS
04/30/2026
 
TOP OF THE 1ST
Southern California Trojans batting - Pitching for Xavier Musketeers : RHP Vincente López
Pitching: RHP Vincente López
Batting: RHB Enrico Davis 0-0: Ball
1-0: Ball
2-0: Called Strike
2-1: SINGLE (Line Drive, 8LS)
Batting: RHB José Hernández 0-0: Ball
Enrico Davis steals 2nd base
1-0: Ball
2-0: Foul Ball, location: 2F
2-1: Ball
3-1: Base on Balls
Batting: RHB Marvin Johnson 0-0: Ball
1-0: Ball
2-0: Called Strike
2-1: Foul Ball, location: 2F
2-2: Ball
3-2: Foul Ball, location: 2F
3-2: Foul Ball, location: 2F
3-2: SINGLE (Line Drive, 3D)
Enrico Davis to third
José Hernández to second
Batting: LHB Kel Smith 0-0: Ball
1-0: Ball
2-0: Called Strike
2-1: Foul Ball, location: 2F
2-2: Fly out, F6 (Popup, 6D)
Batting: RHB Mike Carter 0-0: Ball
1-0: Swinging Strike
1-1: Ball
2-1: Foul Ball, location: 2F
2-2: Strikes out swinging
Batting: RHB Ron Davis 0-0: Foul Ball, location: 2F
0-1: Swinging Strike
0-2: Ball
1-2: Ball
2-2: Ball
3-2: Base on Balls
Enrico Davis scores
José Hernández to third
Marvin Johnson to second
Batting: RHB Wade Martin 0-0: Foul Ball, location: 2F
0-1: Foul Ball, location: 2F
0-2: Ball
1-2: Strikes out looking
Top of the 1st over - 1 run(s), 2 hit(s), 0 error(s), 3 left on base; Southern California 1 - Xavier 0
BOTTOM OF THE 1ST
Xavier Musketeers batting - Pitching for Southern California Trojans : RHP Rick Rutledge
Pitching: RHP Rick Rutledge
Batting: SHB Rick Hinton 0-0: Called Strike
0-1: Swinging Strike
0-2: Ball
1-2: Strikes out looking
Batting: SHB Jorge Tamayo 0-0: Foul Ball, location: 2F
0-1: Ball
1-1: Ball
2-1: Ball
3-1: Base on Balls
Batting: RHB Elliott Bell 0-0: Ball
1-0: SINGLE (Line Drive, 9S)
Jorge Tamayo to second
Batting: SHB Matt Pierce 0-0: Ball
Single, Error in OF, E7, batter to second base
Jorge Tamayo scores
Elliott Bell to third
Batting: LHB Roberto Barrón 0-0: SINGLE (Line Drive, 8LS)
Elliott Bell scores
Matt Pierce to third
Batting: RHB Ty Adams 0-0: Swinging Strike
0-1: Ball
1-1: Swinging Strike
1-2: Ball
2-2: Foul Ball, location: 2F
2-2: Fly out, F7 (Flyball, 7M)
Runner from 3rd tags up, SCORES, throw made
Batting: RHB Will Sawyer 0-0: Called Strike
0-1: Swinging Strike
0-2: Ball
1-2: SINGLE (Groundball, 4M)
Roberto Barrón to second
Roberto Barrón to third
Batting: SHB Ray Reid 0-0: Ball
1-0: Swinging Strike
1-1: Fly out, F5 (Popup, 5SF)
Bottom of the 1st over - 3 run(s), 4 hit(s), 1 error(s), 2 left on base; Southern California 1 - Xavier 3
TOP OF THE 2ND
Southern California Trojans batting - Pitching for Xavier Musketeers : RHP Vincente López
Batting: LHB Carl Hodge 0-0: Ball
1-0: Foul Ball, location: 2F
1-1: Swinging Strike
1-2: Fly out, F6 (Line Drive, 6)
Batting: LHB Steve Herman 0-0: Called Strike
0-1: Ball
1-1: Ball
2-1: SOLO HOME RUN (Flyball, 89XD), Distance : 404 ft
Batting: RHB Enrico Davis 0-0: Ball
1-0: Called Strike
1-1: Called Strike
1-2: Foul Ball, location: 2F
1-2: Foul Ball, location: 2F
1-2: Foul Ball, location: 2F
1-2: Strikes out swinging
Batting: RHB José Hernández 0-0: Called Strike
0-1: Ground out U3 (Groundball, 3)
Top of the 2nd over - 1 run(s), 1 hit(s), 0 error(s), 0 left on base; Southern California 2 - Xavier 3
BOTTOM OF THE 2ND
Xavier Musketeers batting - Pitching for Southern California Trojans : RHP Rick Rutledge
Batting: LHB Paul Valentine 0-0: Ball
1-0: Called Strike
1-1: Ball
2-1: Ball
3-1: Foul Ball, location: 2F
3-2: Base on Balls
Batting: SHB Rick Hinton 0-0: Ball
1-0: Called Strike
1-1: Ball
2-1: Foul Ball, location: 2F
2-2: Foul Ball, location: 2F
2-2: Foul Ball, location: 2F
2-2: Strikes out looking
Batting: SHB Jorge Tamayo 0-0: Called Strike
0-1: Ball
1-1: Ground out 4-3 (Groundball, 13)
Paul Valentine to second
Batting: RHB Elliott Bell 0-0: Ball
1-0: Called Strike
1-1: Ball
2-1: Fly out, F7 (Flyball, 7M)
Bottom of the 2nd over - 0 run(s), 0 hit(s), 0 error(s), 1 left on base; Southern California 2 - Xavier 3
TOP OF THE 3RD
Southern California Trojans batting - Pitching for Xavier Musketeers : RHP Vincente López
Batting: RHB Marvin Johnson 0-0: Ball
1-0: Ball
2-0: Swinging Strike
2-1: Foul Ball, location: 2F
2-2: Ball
3-2: Strikes out swinging
Batting: LHB Kel Smith 0-0: Called Strike
0-1: SINGLE (Flyball, 89M)
Batting: RHB Mike Carter 0-0: Called Strike
0-1: Ball
1-1: Swinging Strike
1-2: Strikes out swinging
Batting: RHB Ron Davis 0-0: Ball
1-0: Swinging Strike
1-1: Swinging Strike
1-2: Strikes out swinging
Top of the 3rd over - 0 run(s), 1 hit(s), 0 error(s), 1 left on base; Southern California 2 - Xavier 3
BOTTOM OF THE 3RD
Xavier Musketeers batting - Pitching for Southern California Trojans : RHP Rick Rutledge
Batting: SHB Matt Pierce 0-0: Ball
1-0: Called Strike
1-1: Swinging Strike
1-2: Ball
2-2: Ball
3-2: Fly out, F8 (Flyball, 78M)
Batting: LHB Roberto Barrón 0-0: Ball
1-0: Foul Ball, location: 2F
1-1: Ball
2-1: Ball
3-1: Foul Ball, location: 2F
3-2: Base on Balls
Batting: RHB Ty Adams 0-0: Fly out, F5 (Popup, 15)
Batting: RHB Will Sawyer 0-0: Foul Ball, location: 2F
0-1: SINGLE (Groundball, 6MD)
Roberto Barrón to second
Batting: SHB Ray Reid 0-0: Swinging Strike
0-1: SINGLE (Groundball, 5D)
Roberto Barrón to third
Will Sawyer to second
Runner from 3rd tries for Home, SAFE, no throw or cutoff
Batting: LHB Paul Valentine 0-0: Called Strike
0-1: Fielders Choice at 2nd, 5-4 (Groundball, 56)
Bottom of the 3rd over - 1 run(s), 2 hit(s), 0 error(s), 1 left on base; Southern California 2 - Xavier 4
TOP OF THE 4TH
Southern California Trojans batting - Pitching for Xavier Musketeers : RHP Vincente López
Batting: RHB Wade Martin 0-0: Foul Ball, location: 2F
0-1: Called Strike
0-2: Strikes out swinging
Batting: LHB Carl Hodge 0-0: Ball
1-0: Fly out, F4 (Popup, 4D)
Batting: LHB Steve Herman 0-0: Fly out, F7 (Flyball, 7M)
Top of the 4th over - 0 run(s), 0 hit(s), 0 error(s), 0 left on base; Southern California 2 - Xavier 4
BOTTOM OF THE 4TH
Xavier Musketeers batting - Pitching for Southern California Trojans : RHP Rick Rutledge
Batting: SHB Rick Hinton 0-0: Foul Ball, location: 2F
0-1: SINGLE (Flyball, 8LS)
Batting: SHB Jorge Tamayo 0-0: Foul Ball, location: 2F
0-1: Foul Ball, location: 2F
0-2: Ball
1-2: Ball
2-2: Strikes out looking
Batting: RHB Elliott Bell 0-0: Called Strike
0-1: Called Strike
Rick Hinton is caught stealing 2nd base
0-2: Fly out, F3 (Line Drive, 3L)
Bottom of the 4th over - 0 run(s), 1 hit(s), 0 error(s), 0 left on base; Southern California 2 - Xavier 4
TOP OF THE 5TH
Southern California Trojans batting - Pitching for Xavier Musketeers : RHP Vincente López
Batting: RHB Enrico Davis 0-0: Foul Ball, location: 2F
0-1: Ball
1-1: Fly out, F9 (Flyball, 9M)
Batting: RHB José Hernández 0-0: Called Strike
0-1: Ground out U3 (Groundball, 3S)
Batting: RHB Marvin Johnson 0-0: Ball
1-0: Swinging Strike
1-1: Swinging Strike
1-2: Fly out, F7 (Flyball, 78S)
Top of the 5th over - 0 run(s), 0 hit(s), 0 error(s), 0 left on base; Southern California 2 - Xavier 4
BOTTOM OF THE 5TH
Xavier Musketeers batting - Pitching for Southern California Trojans : RHP Rick Rutledge
Batting: SHB Matt Pierce 0-0: Called Strike
0-1: Ball
1-1: Ball
2-1: Foul Ball, location: 2F
2-2: Foul Ball, location: 2F
2-2: SINGLE (Groundball, 4MD)
Pitching: RHP Alan Foster
Batting: LHB Roberto Barrón 0-0: DOUBLE (Line Drive, 5D)
Matt Pierce to third
Batting: RHB Ty Adams 0-0: Foul Ball, location: 2F
0-1: Called Strike
0-2: Strikes out swinging
Batting: RHB Will Sawyer 0-0: Ground out 1-3 (Groundball, 25)
Batting: SHB Ray Reid 0-0: Foul Ball, location: 2F
0-1: Ball
1-1: Ball
2-1: Ball
3-1: Swinging Strike
3-2: Foul Ball, location: 2F
3-2: Strikes out swinging
Bottom of the 5th over - 0 run(s), 2 hit(s), 0 error(s), 2 left on base; Southern California 2 - Xavier 4
TOP OF THE 6TH
Southern California Trojans batting - Pitching for Xavier Musketeers : RHP Vincente López
Pitching: RHP Carlos Hernández
Batting: LHB Kel Smith 0-0: Called Strike
0-1: SINGLE (Line Drive, 4MD)
Batting: RHB Mike Carter 0-0: Swinging Strike
0-1: Swinging Strike
0-2: Strikes out swinging
Batting: RHB Ron Davis 0-0: Ball
1-0: Ball
2-0: Called Strike
2-1: Grounds into double play, 6-4-3 (Groundball, 6)
Top of the 6th over - 0 run(s), 1 hit(s), 0 error(s), 0 left on base; Southern California 2 - Xavier 4
BOTTOM OF THE 6TH
Xavier Musketeers batting - Pitching for Southern California Trojans : RHP Alan Foster
Batting: LHB Paul Valentine 0-0: SINGLE (Groundball, 4MD) (infield hit)
Batting: SHB Rick Hinton 0-0: Ball
1-0: Foul Ball, location: 2F
1-1: Called Strike
1-2: Strikes out swinging
Batting: SHB Jorge Tamayo 0-0: Called Strike
0-1: Ball
1-1: Ball
2-1: Ball
3-1: Base on Balls
Paul Valentine to second
Batting: RHB Elliott Bell 0-0: Ball
1-0: Ball
2-0: Grounds into double play, 4-6-3 (Groundball, 4)
Bottom of the 6th over - 0 run(s), 1 hit(s), 0 error(s), 1 left on base; Southern California 2 - Xavier 4
TOP OF THE 7TH
Southern California Trojans batting - Pitching for Xavier Musketeers : RHP Carlos Hernández
Batting: RHB Wade Martin 0-0: SINGLE (Groundball, 6M)
Batting: LHB Carl Hodge 0-0: Ball
1-0: Ball
2-0: Ball
3-0: Foul Ball, location: 2F
3-1: Called Strike
3-2: Base on Balls
Wade Martin to second
Batting: LHB Steve Herman 0-0: Swinging Strike
0-1: 3-RUN HOME RUN (Flyball, 9LD), Distance : 362 ft
Pitching: RHP Victor Miller
Batting: RHB Enrico Davis 0-0: Ball
1-0: Ball
2-0: Foul Ball, location: 2F
2-1: SINGLE (Groundball, 56D)
Batting: RHB José Hernández 0-0: Bunt - Flyout! F5
Batting: RHB Marvin Johnson 0-0: Ball
1-0: Ball
2-0: Called Strike
2-1: Fly out, F5 (Popup, 13)
Batting: LHB Kel Smith 0-0: Ball
Enrico Davis steals 2nd base
1-0: Ball
2-0: Ball
3-0: Base on Balls
Batting: RHB Mike Carter 0-0: Foul Ball, location: 2F
0-1: Swinging Strike
0-2: Ball
1-2: Strikes out swinging
Top of the 7th over - 3 run(s), 3 hit(s), 0 error(s), 2 left on base; Southern California 5 - Xavier 4
BOTTOM OF THE 7TH
Xavier Musketeers batting - Pitching for Southern California Trojans : RHP Alan Foster
Pitching: LHP Javier Rodríguez
Batting: SHB Matt Pierce 0-0: Called Strike
0-1: Fly out, F8 (Flyball, 8RM)
Batting: LHB Roberto Barrón 0-0: Called Strike
0-1: Called Strike
0-2: Strikes out swinging
Batting: RHB Ty Adams 0-0: Fly out, F6 (Line Drive, 6)
Bottom of the 7th over - 0 run(s), 0 hit(s), 0 error(s), 0 left on base; Southern California 5 - Xavier 4
TOP OF THE 8TH
Southern California Trojans batting - Pitching for Xavier Musketeers : RHP Victor Miller
Batting: RHB Ron Davis 0-0: Called Strike
0-1: Foul Ball, location: 2F
0-2: Foul Ball, location: 2F
0-2: Foul Ball, location: 2F
0-2: Ball
1-2: Foul Ball, location: 2F
1-2: Ball
2-2: Ball
3-2: Foul Ball, location: 2F
3-2: Fly out, F7 (Line Drive, 78M)
Batting: RHB Wade Martin 0-0: Ball
1-0: Foul Ball, location: 2F
1-1: Ball
2-1: Foul Ball, location: 2F
2-2: Foul Ball, location: 2F
2-2: Strikes out looking
Batting: LHB Carl Hodge 0-0: Called Strike
0-1: Ball
1-1: Ground out 3-1 (Groundball, 34)
Top of the 8th over - 0 run(s), 0 hit(s), 0 error(s), 0 left on base; Southern California 5 - Xavier 4
BOTTOM OF THE 8TH
Xavier Musketeers batting - Pitching for Southern California Trojans : LHP Javier Rodríguez
Pitching: LHP Gary Dunlap
Batting: RHB Will Sawyer 0-0: Called Strike
0-1: Reached on error, E5 (Groundball, 56)
Pitching: RHP Jason Morrison
Batting: SHB Ray Reid 0-0: Sac Bunt - play at first, batter OUT! 1-4
Will Sawyer to second
Pitching: LHP Jeffery Ritchie
Batting: LHB Paul Valentine 0-0: Called Strike
0-1: Called Strike
0-2: Strikes out looking
Pitching: RHP Carlos Juárez
Batting: SHB Rick Hinton 0-0: Ball
1-0: Ball
2-0: Foul Ball, location: 2F
2-1: Ball
3-1: Foul Ball, location: 2F
3-2: Foul Ball, location: 2F
3-2: Foul Ball, location: 2F
3-2: Base on Balls
Pitching: RHP Jorge Watson
Batting: SHB Jorge Tamayo 0-0: Ball
1-0: Called Strike
1-1: Ball
2-1: Foul Ball, location: 2F
2-2: Foul Ball, location: 2F
2-2: Strikes out swinging
Bottom of the 8th over - 0 run(s), 0 hit(s), 1 error(s), 2 left on base; Southern California 5 - Xavier 4
TOP OF THE 9TH
Southern California Trojans batting - Pitching for Xavier Musketeers : RHP Victor Miller
Pitching: RHP Ricardo Gutiérrez
Batting: LHB Steve Herman 0-0: Called Strike
0-1: Foul Ball, location: 2F
0-2: Ball
1-2: Ball
2-2: Foul Ball, location: 2F
2-2: Strikes out looking
Batting: RHB Enrico Davis 0-0: Called Strike
0-1: Swinging Strike
0-2: Strikes out looking
Batting: RHB José Hernández 0-0: Called Strike
0-1: Ground out 5-3 (Groundball, 56)
Top of the 9th over - 0 run(s), 0 hit(s), 0 error(s), 0 left on base; Southern California 5 - Xavier 4
BOTTOM OF THE 9TH
Xavier Musketeers batting - Pitching for Southern California Trojans : RHP Jorge Watson
Pitching: RHP Charlie Ross
Batting: RHB Elliott Bell 0-0: SINGLE (Groundball, 56D)
Batting: SHB Matt Pierce 0-0: Ball
1-0: Grounds into double play, U3-6 (Groundball, 3L)
Batting: LHB Roberto Barrón 0-0: Ball
1-0: Ball
2-0: Ball
3-0: Base on Balls
Batting: RHB Ty Adams 0-0: Foul Ball, location: 2F
0-1: Ball
1-1: Ball
2-1: SINGLE (Line Drive, 6MD)
Roberto Barrón to second
Pinch Hitting: RHB Joe Noble 0-0: Called Strike
0-1: Ball
1-1: Ball
2-1: Called Strike
2-2: Foul Ball, location: 2F
2-2: Ball
Wild Pitch!
Roberto Barrón to third
Ty Adams to second
3-2: Fly out, F6 (Popup, 5DF)
Bottom of the 9th over - 0 run(s), 2 hit(s), 0 error(s), 2 left on base; Southern California 5 - Xavier 4
Monday, December 5th, 2016 - OOTP Baseball 17.12 Build 75